 Dungeon Crawl Stone Soup version 0.29.1-2-gbd0b4ee654 (webtiles) character file.

Game seed: 7180213999516394819

214 qeuew the Magician (level 5, -2/28 HPs)
             Began as a Deep Elf Fire Elementalist on Nov 5, 2022.
             Slain by a gnoll
             ... wielding a +0 flail
              (8 damage)
             ... on level 2 of the Dungeon.
             The game lasted 00:07:16 (2313 turns).

qeuew the Magician (Deep Elf Fire Elementalist)     Turns: 2313, Time: 00:07:16

Health: -2/28      AC: 13    Str:  5    XL:     5   Next: 59%
Magic:  8/14       EV: 10    Int: 26    God:
Gold:   140        SH:  0    Dex: 17    Spells: 11/14 levels left

rFire   . . .      SeeInvis .   a - +2 Maxwell's thermic engine {flame, freeze}
rCold   . . .      Faith    .   (no shield)
rNeg    . . .      Spirit   .   e - +4 ring mail
rPois   .          Reflect  .   n - +0 hat
rElec   .          Harm     .   (no cloak)
rCorr   .          Rampage  .   (no gloves)
Will    .....                   (no boots)
Stlth   ++........              (no amulet)
HPRegen 0.09/turn               k - +6 ring of intelligence
MPRegen 0.14/turn               g - +4 ring of protection

@: about to teleport
A: no striking features
a: no special abilities


You were on level 2 of the Dungeon.
You visited 1 branch of the dungeon, and saw 3 of its levels.

You collected 140 gold pieces.

Inventory:

Hand Weapons
 a - the +2 Maxwell's thermic engine (weapon) {flame, freeze}
   (You acquired it on level 2 of the Dungeon)

   It burns those it strikes, dealing additional fire damage.
   Big, fiery blades are also staple armaments of hydra-hunters.
   It freezes those it strikes, dealing additional cold damage.
   It can also slow down cold-blooded creatures.
   It becomes more effective when it hits something.
   This effect fades over time.
Armour
 e - a +4 ring mail (worn)
 n - a +0 hat (worn)
Jewellery
 g - a +4 ring of protection (right hand)
 k - a +6 ring of intelligence (left hand)
Potions
 b - a potion of magic
 d - 2 potions of brilliance
 i - a potion of curing


   Skills:
 + Level 1.3 Short Blades
 * Level 1.2 Armour
 * Level 3.3 Dodging
 - Level 2.4 Stealth
 * Level 5.3 Spellcasting
 * Level 2.0 Conjurations
 + Level 4.2 Fire Magic


You had 11 spell levels left.
You knew the following spells:

 Your Spells              Type           Power      Damage    Failure   Level
a - Foxfire               Conj/Fire      92%        2x1d8     10%         1
b - Scorch                Fire           58%        2d8       9%          2

Your spell library contained the following spells:

 Spells                   Type           Power      Damage    Failure   Level
 Conjure Flame            Conj/Fire      23%        6-21      28%         3
 Inner Flame              Hex/Fire       18%        N/A       41%         3
 Flame Wave               Conj/Fire      23%        2d8       67%         4


Dungeon Overview and Level Annotations

Branches:
Dungeon (3/15)

Altars:


Message History

There are monsters nearby!
Flames lash the endoplasm.
The endoplasm is severely wounded.
The endoplasm's fire resistance burns away.
The gnoll shouts! x3
You hit the endoplasm. You burn the endoplasm.
You kill the endoplasm!
The bat hits you but does no damage. The bat misses you.
Flames lash the gnoll.
The gnoll is heavily wounded.
The gnoll's fire resistance burns away.
The bat barely misses you. x2
The gnoll throws a throwing net.
The throwing net hits you.
You become entangled in the net!
You tear a large gash into the net.
The gnoll hits you but does no damage.
Flames lash the bat.
You kill the bat!
The gnoll completely misses you. The gnoll hits you with a +0 club.
You miscast Scorch.
You are very lightly contaminated with residual magic.
Nothing appears to happen.
The gnoll barely misses you. The gnoll hits you but does no damage.
The gnoll barely misses you.
You struggle against the net.
The gnoll hits you but does no damage. The gnoll hits you with a +0 flail.
The gnoll hits you but does no damage.
You rip the net and break free!
The gnoll is no longer more vulnerable to fire.
The gnoll hits you from afar with a +0 halberd!
The gnoll closely misses you. The gnoll hits you but does no damage.
The gnoll barely misses you. The gnoll closely misses you.
The gnoll barely misses you. The gnoll hits you but does no damage.
You climb upwards.
There is a stone staircase leading down here.
Okay, then.
The gnoll attacks as you move away! The gnoll hits you but does no damage.
The gnoll attacks as you move away! The gnoll hits you with a +0 flail.
* * * LOW HITPOINT WARNING * * *
The gnoll attacks as you move away! The gnoll hits you but does no damage.
Your magical contamination has completely faded away.
As you read the scroll of teleportation, it crumbles to dust.
You feel strangely unstable. The gnoll hits you with a +0 flail!
You die...

######## #......# #.####.###
#.# #...# #.#
###.############ #.#
#.>.ggg@.....####### #.#
#..###.#####.......# #.# #..#
#.# #######.##### #.######..#
#[### #.....# #.#.bb.#..#
#...#### #...#.#
#.#!##+#..#####....# #...#..
#.#........# ####.#
####...### #.#........#####
#.# #......#
#.#............###.###......#


You could see 3 gnolls.

Vanquished Creatures
  Sigmund (D:2)
  Robin (D:2)
  A worm (D:2)
  4 ball pythons
  4 bats
  3 endoplasms
  A giant cockroach (D:1)
  9 goblins
  3 hobgoblins (D:2)
  4 kobolds
  2 quokkas (D:1)
  3 frilled lizards
  5 rats
41 creatures vanquished.

Vanquished Creatures (others)
  26 foxfires (D:1)
26 creatures vanquished.

Grand Total: 67 creatures vanquished

Notes
Turn   | Place    | Note
-------+----------+-------------------------------------------
     0 | D:1      | qeuew the Deep Elf Fire Elementalist began the quest for
                  | the Orb.
     0 | D:1      | Reached XP level 1. HP: 10/10 MP: 6/6
   270 | D:1      | Found a faded altar of an unknown god.
   290 | D:1      | Reached XP level 2. HP: 15/15 MP: 5/8
   293 | D:1      | Learned a level 2 spell: Scorch
  1176 | D:2      | Noticed Sigmund
  1180 | D:2      | Killed Sigmund
  1181 | D:2      | Reached skill level 1 in Short Blades
  1181 | D:2      | Reached skill level 1 in Armour
  1181 | D:2      | Reached skill level 5 in Spellcasting
  1181 | D:2      | Reached XP level 3. HP: 19/19 MP: 4/11
  1181 | D:2      | Reached XP level 4. HP: 24/24 MP: 4/13
  1181 | D:2      | Reached XP level 5. HP: 28/28 MP: 4/14
  2096 | D:2      | Noticed Robin
  2104 | D:2      | Killed Robin
  2278 | D:2      | Identified a scroll of acquirement
  2278 | D:2      | Acquired the +2 Maxwell's thermic engine {flame, freeze}
  2278 | D:2      | Found the +2 Maxwell's thermic engine {flame, freeze}
  2313 | D:2      | Slain by a gnoll

Illustrated notes

Levels and vault maps discovered:
D:1:      denvon_arrival_waterhouse, layout_loops_cross,
          hellmonk_ecumenical_altar_prayer_group
D:2:      layout_basic, minmay_tall_x, uniq_sigmund, uniq_robin
D:3:      layout_rooms

Skill      XL: |  1  2  3  4  5 |
---------------+----------------+-----
Short Blades   | 1 |  1.3
Armour         | 1 |  1.2
Dodging        | 3 |  3.3
Spellcasting   | 5 |  5.3
Fire Magic     | 4 |  4.2
Conjurations   | 2 |  2.0
Stealth        | |  2.4

Action                   |  1- 3 |  4- 6 || total
-------------------------+-------+-------++-------
Melee: Dagger            |     5 |     8 ||    13
       Punch             |     1 |       ||     1
       Double sword      |       |     1 ||     1
 Cast: Foxfire           |    18 |       ||    18
       Scorch            |    14 |    24 ||    38
  Use: Potion            |     5 |       ||     5
       Scroll            |     2 |     4 ||     6
Armor: Robe              |     3 |       ||     3
       Ring mail         |       |    13 ||    13
Dodge: Dodged            |    11 |    13 ||    24
